AoeStats
← YoSoyDroga

Arabia

510146412Analyzed
1v1 RM · 3d ago on Sep 29, 2026· 53m 34s· 2 players
Game mode
Random Map
Map size
Tiny (2 player)
Population
200
Speed
Normal
Resources
Standard
Victory
Conquest
Starting age
Dark Age
Ending age
Imperial Age
RankedLock teamsTeams togetherTeam positionsShared explorationLock speedFull tech treeHidden civsTurbo modeCheats
Victory
Defeat
🇮🇳 Inca · India
914
+15
🇲🇽 Italians · Mexico
882
-15
LeLoi448
11:07 Feudal Age
11:39 Horse Collar
11:48 Double-Bit Axe
15:18 Fletching
16:45 Loom
20:17 Castle Age
19:45 Champi Runner
21:15 Heavy Plow
21:28 Bow Saw
21:48 Thumb Ring
21:49 Elite Skirmisher
23:09 Wheelbarrow
23:19 Squires
25:37 Hand Cart
24:57 Champi Warrior
25:41 Crossbowman
28:00 Bodkin Arrow
28:49 Town Watch
29:17 Forging
29:54 Town Patrol
33:34 Ballistics
33:44 Padded Archer Armor
37:41 Imperial Age
37:12 Leather Archer Armor
37:59 Arson
39:20 Conscription
38:38 Capped Ram
41:01 Crop Rotation
42:25 Elite Champi Warrior
44:18 Chemistry
44:54 Bracer
46:07 Andean Sling
53:48 Murder Holes
YoSoyDroga
14:48 Feudal Age
13:03 Loom
18:38 Castle Age
16:58 Stone Mining
16:55 Double-Bit Axe
24:08 Fletching
26:25 Bodkin Arrow
27:27 Padded Archer Armor
29:30 Gold Mining
30:54 Leather Archer Armor
32:00 Ballistics
40:44 Imperial Age
45:16 Imperial Age
44:07 Bloodlines
43:59 Husbandry
44:07 Scale Barding Armor
44:15 Forging
46:22 Conscription
47:05 Chemistry
46:18 Pirotechnia
54:10 Pirotechnia
Connection lost

Rejoining the realm…

Still unreachable

The connection could not be restored.

Session expired

The server has moved on; the page needs a fresh start.